 Dungeon Crawl Stone Soup version 0.29-a0-297-g7659ce593d (webtiles) character file.

Game seed: 15092464907897505739

256 Dabor the Skirmisher (level 6, -1/48 HPs)
             Began as a Formicid Abyssal Knight on Mar 21, 2022.
             Was a Priest of Lugonu.
             Slain by an orc
             ... wielding a +0 mace
              (4 damage)
             ... on level 3 of the Dungeon.
             The game lasted 00:03:10 (2617 turns).

Dabor the Skirmisher (Formicid Abyssal Knight)      Turns: 2617, Time: 00:03:11

Health: -1/48      AC:  3    Str: 19    XL:     6   Next: 38%
Magic:  8/8        EV: 16    Int: 10    God:    Lugonu [***...]
Gold:   102        SH:  0    Dex: 11    Spells: 5/5 levels left

rFire   . . .      SeeInvis +   a - +1 spear
rCold   . . .      Faith    +   (no shield)
rNeg    . . .      Spirit   .   b - +0 leather armour
rPois   .          Reflect  .   (helmet unavailable)
rElec   .          Harm     .   (no cloak)
rCorr   .          Rampage  .   (no gloves)
Will    .....                   (no boots)
Stlth   +.........              n - amulet of faith
HPRegen 0.16/turn               m - +4 ring of evasion
MPRegen 0.11/turn               (no ring)

@: no status effects
A: permanent stasis, dig shafts and tunnels, antennae 3, four strong arms
a: Dig, Shaft Self, Renounce Religion, Depart the Abyss, Bend Space, Banish


You were on level 3 of the Dungeon.
You worshipped Lugonu.
Lugonu was most pleased with you.
You visited 1 branch of the dungeon, and saw 3 of its levels.
You visited the Abyss 1 time.

You collected 102 gold pieces.

Inventory:

Hand Weapons
 a - a +1 spear (weapon)
Missiles
 k - 3 javelins (quivered)
Armour
 b - a +0 leather armour (worn)
Jewellery
 m - a +4 ring of evasion (left hand)
 n - an amulet of faith (around neck)
Scrolls
 c - a scroll of noise
 l - 2 scrolls of amnesia {unknown}
Potions
 d - a potion of resistance {unknown}
 e - a potion of haste {unknown}
 g - a potion of heal wounds {unknown}
 h - a potion of invisibility {unknown}
 i - a potion of cancellation {unknown}
 j - a potion of berserk rage {unknown}
 o - 2 potions of curing


   Skills:
 * Level 4.2 Fighting
 * Level 3.2 Polearms
 + Level 1.0 Throwing
 * Level 3.5 Armour
 * Level 2.4 Dodging
 * Level 3.7 Invocations


You had 5 spell levels left.
You didn't know any spells.
Your spell library was empty.

Dungeon Overview and Level Annotations

Branches:
Dungeon (3/15)

Altars:
Okawaru


Innate Abilities, Weirdness & Mutations

You cannot be hasted, slowed, berserked, paralysed or teleported.
You can dig through walls and to a lower floor.
You have a pair of large antennae on your head. (SInv)
Your four strong arms can wield two-handed weapons with a shield.


Message History

The orc closely misses you.
The orc priest casts a cantrip, but nothing happens.
The orc attacks as you move away! The orc hits you with a +0 mace.
The orc attacks as you move away! The orc closely misses you.
The orc priest begins to cast a cantrip, but forgets the words!
You barely miss the orc. The orc completely misses you.
You barely miss the orc. You barely miss the orc.
The orc priest looks satisfied for a moment.
You hit the orc but do no damage. You barely miss the orc.
The orc hits you with a +0 flail!
You hit the orc but do no damage. The orc barely misses you.
You hit the orc but do no damage. The orc misses you.
You hit the orc.
The orc is heavily wounded.
The orc barely misses you.
You barely miss the orc. Your punch misses the orc.
The orc is heavily wounded.
The orc hits you with a +0 flail.
You hit the orc but do no damage.
The orc is heavily wounded.
The orc barely misses you.
You hit the orc.
You kill the orc!
Lugonu accepts your kill.
You closely miss the orc. The orc hits you with a +0 mace.
You closely miss the orc. The orc barely misses you.
You hit the orc.
The orc is lightly wounded.
The orc priest calls down the wrath of Beogh upon you.
Beogh smites you! The orc hits you with a +0 mace!
* * * LOW HITPOINT WARNING * * *
You hit the orc.
The orc is heavily wounded.
The orc hits you with a +0 mace!
* * * LOW HITPOINT WARNING * * *
You hit the orc but do no damage.
The orc is heavily wounded.
The orc hits you with a +0 mace.
You die...

#.# #.#
#.# #.#
#.# #.#
#.# #.#
#@# #o#
#l# #o#
#.# #.#
####.#
#....#
#......#


You could see an orc priest, an orc and a frilled lizard.

Vanquished Creatures
  Sigmund (D:2)
  2 adders (D:2)
  5 worms (D:2)
  An orc (D:3)
  7 ball pythons
  A bat (D:3)
  5 endoplasms
  A giant cockroach (D:1)
  4 goblins
  5 hobgoblins
  4 jackals (D:2)
  3 quokkas
  4 frilled lizards
  6 kobolds (D:2)
  5 rats
54 creatures vanquished.

Notes
Turn   | Place    | Note
-------+----------+-------------------------------------------
     0 | Abyss:1  | Dabor the Formicid Abyssal Knight began the quest for the
                  | Orb.
     0 | Abyss:1  | Reached XP level 1. HP: 18/18 MP: 2/2
     1 | D:1      | Escaped the Abyss
    32 | D:1      | Reached skill level 1 in Dodging
   118 | D:1      | Reached XP level 2. HP: 24/24 MP: 3/3
   401 | D:1      | Reached XP level 3. HP: 26/29 MP: 4/4
  1172 | D:2      | Reached XP level 4. HP: 7/37 MP: 6/6
  1628 | D:2      | Noticed Sigmund
  1641 | D:2      | Killed Sigmund
  1642 | D:2      | Reached skill level 4 in Fighting
  1642 | D:2      | Reached XP level 5. HP: 33/42 MP: 7/7
  1642 | D:2      | Reached XP level 6. HP: 38/48 MP: 8/8
  2236 | D:2      | Reached *** piety under Lugonu
  2459 | D:3      | Reached skill level 1 in Throwing
  2589 | D:3      | Found an iron altar of Okawaru.
  2617 | D:3      | Slain by an orc

Illustrated notes

Levels and vault maps discovered:
D:1:      ebering_hopf_link, layout_basic
D:2:      layout_loops_ring, minmay_goblin_kobold_house, uniq_sigmund
D:3:      layout_basic, okawaru_metal_pillars_1_2,
          shapermc_ecumenical_altar_venn, serial_shops,
          nicolae_shop_hallway_plus

Skill      XL: |  1  2  3  4  5  6 |
---------------+-------------------+-----
Dodging        | 1 2 |  2.4
Invocations    | 3 |  3.7
Fighting       | 4 |  4.2
Polearms       | 3 |  3.2
Armour         | 3 |  3.5
Throwing       | 1 |  1.0

Action                   |  1- 3 |  4- 6 || total
-------------------------+-------+-------++-------
Melee: Spear             |   135 |   110 ||   245
       Punch             |     1 |     2 ||     3
Throw: Javelin           |       |     4 ||     4
Invok: Depart the Abyss  |     1 |       ||     1
  Use: Potion            |     1 |     1 ||     2
       Scroll            |       |     3 ||     3
 Stab: Sleeping          |     1 |     1 ||     2
Armor: Leather armour    |    24 |    11 ||    35
       Skin              |     6 |       ||     6
Dodge: Dodged            |    66 |    50 ||   116

Table legend: (Time is in decaauts)
 A = Elapsed time spent in this place.
 B = Non-inter-level travel time spent in this place.
 C = Inter-level travel time spent in this place.
 D = Time resting spent in this place.
 E = Time spent auto-exploring this place.
 F = Levels seen in this place.
 G = Mean time per level.
                   A        B        C        D        E       F      G
               +--------+--------+--------+--------+--------+-----+--------+
         Total |   2609 |   2568 |     41 |    293 |   1796 |   4 |  652.2 |
       Dungeon |   2608 |   2567 |     41 |    293 |   1796 |   3 |  869.3 |
         Abyss |      1 |      1 |      0 |      0 |      0 |   1 |    1.0 |
               +--------+--------+--------+--------+--------+-----+--------+

Top non-repeatable levels by time:
     D:2: 1756 daAuts
     D:1: 641 daAuts
     D:3: 211 daAuts
 Abyss:1: 1 daAuts
